 Dungeon Crawl Stone Soup version 0.30.0-19-g36f170ea60 (webtiles) character file.

Game seed: 16806778252662942502

2957681 Sar the Conqueror (level 27, 331/331 HPs)
             Began as a Meteoran Berserker on May 26, 2023.
             Was the Champion of Trog.
             Escaped with the Orb
             ... and 3 runes!
             The game lasted 02:29:35 (26293 turns).

Sar the Conqueror (Meteoran Berserker)             Turns: 26293, Time: 02:29:36

Health: 331/331    AC: 48    Str: 42    XL:     27
Magic:  24/24      EV: 29    Int: 12    God:    Trog [******]
Gold:   2244       SH:  0    Dex: 24    Spells: 26/26 levels left

rFire   + . .        a - +10 executioner's axe of Cemoge {heavy, Dex+4}
rCold   + . .        (shield currently unavailable)
rNeg    . . .        c - +6 gold dragon scales
rPois   +            e - +1 helmet
rElec   .            s - +2 cloak {Will+}
rCorr   .            P - +3 pair of gauntlets of War {Slay+5}
SInv    +            Y - +1 pair of boots "Wenaubusk" {Drain Int+8 Slay+5 Stlth+}
Will    +++++        K - amulet of Onlit {Rampage +Inv Regen+} Stlth
                     N - +4 ring of slaying
HPRegen 2.55/turn    r - ring "Kirrocaegh" {rPois Str+9 Int-4 Dex+3 SInv}
MPRegen 0.19/turn

%: rampage
@: mighty, berserking, strong-willed, attractive, flying, regenerating, hasted,
glowing, very quick
A: sense surroundings 3, otherworldly, glowing, explore regen, claws 1, subdued
magic 1
0: Orb of Zot
}: 3/15 runes: serpentine, barnacled, silver
a: Renounce Religion, Evoke Invisibility, Berserk, Trog's Hand, Brothers in Arms


You escaped.
You worshipped Trog.
Trog was exalted by your worship.
You visited 10 branches of the dungeon, and saw 48 of its levels.
You visited 2 bazaars.
You also visited: Trove, Bailey and Ice Cave.

You collected 7238 gold pieces.
You spent 4994 gold pieces at shops.

Inventory:

Hand Weapons
 a - the +10 executioner's axe of Cemoge (weapon) {heavy, Dex+4}
   (You acquired it on level 11 of the Dungeon)

   Dex:       It affects your dexterity (+4).
 b - a +9 executioner's axe of flaming
 w - the +4 consecrated labrys {holy, Valiant Fragile Fly SInv}
   (You found it on level 5 of the Vaults)

   Valiant:   It becomes more powerful as more dangerous foes come into view.
   SInv:      It lets you see invisible.
   Fly:       It grants you flight.
   Fragile:   It will be destroyed if unequipped.
Missiles
 J - 4 throwing nets {=f}
 O - 8 silver javelins
 U - 15 curare-tipped darts {=f}
Armour
 c - +6 gold dragon scales (worn)
 e - a +1 helmet (worn)
 s - a +2 cloak of willpower (worn)
 u - the +0 pair of fencer's gloves {Riposte Dex+3}
   (You found it in a treasure trove)

   Riposte:   It allows the wearer to riposte with melee weapons, swiftly
   retaliating against missed or blocked melee attacks.
   Dex:       It affects your dexterity (+3).
 P - the +3 pair of gauntlets of War (worn) {Slay+5}
   (You acquired it in a bailey)

   Slay:      It affects your accuracy & damage with ranged weapons and melee
   (+5).
 V - a +2 pair of boots of flying
 Y - the +1 pair of boots "Wenaubusk" (worn) {Drain Int+8 Slay+5 Stlth+}
   (You acquired it on level 2 of the Lair of Beasts)

   Int:       It affects your intelligence (+8).
   Slay:      It affects your accuracy & damage with ranged weapons and melee
   (+5).
   Drain:     It drains your maximum health when unequipped.
   Stlth:     It makes you more stealthy.
Jewellery
 h - a ring of protection from fire
 n - the ring of the Scarab {+Blink EV+5}
   (You took it off a vault sentinel on level 4 of the Vaults)

   [ring of evasion]

   EV:        It affects your evasion (+5).
   +Blink:    It lets you blink.
 r - the ring "Kirrocaegh" (right hand) {rPois Str+9 Int-4 Dex+3 SInv}
   (You took it off a deep elf high priest on level 3 of the Elven Halls)

   [ring of see invisible]

   Str:       It affects your strength (+9).
   Int:       It affects your intelligence (-4).
   Dex:       It affects your dexterity (+3).
   rPois:     It protects you from poison.
   SInv:      It lets you see invisible.
 v - a ring of protection from cold
 D - a ring of resist corrosion
 H - a ring of the Octopus King {rN+ HP+2 AC+2 EV+2 SH+2}
   (You found it on level 5 of the Vaults)

   [ring of positive energy]

   AC:        It affects your AC (+2).
   EV:        It affects your evasion (+2).
   rN:        It protects you from negative energy.
   HP:        It affects your health (+2).
   SH:        It affects your SH (+2).
 I - the ring "Gobreher" {rElec MP+9 Str+5 Int-5}
   (You found it in a treasure trove)

   [ring of magical power]

   Str:       It affects your strength (+5).
   Int:       It affects your intelligence (-5).
   rElec:     It insulates you from electricity.
   MP:        It affects your magic capacity (+9).
 K - the amulet of Onlit (around neck) {Rampage +Inv Regen+}
   (You found it on level 1 of the Snake Pit)

   [amulet of regeneration]

   +Inv:      It lets you turn invisible.
   Regen:     It increases your rate of health regeneration.
   Rampage:   It bestows one free step when moving towards enemies.
 N - a +4 ring of slaying (left hand)
 T - the ring "Voqetur" {Fire Str+3}
   (You found it on level 1 of the Snake Pit)

   [ring of fire]

   It enhances your fire magic.
   Str:       It affects your strength (+3).
   rF:        It protects you from fire.
   rC:        It makes you vulnerable to cold.
Wands
 f - a wand of light (20)
 G - a wand of roots (28)
 Z - a wand of digging (16)
Scrolls
 g - 2 scrolls of teleportation {@r4}
 o - 5 scrolls of poison {!r}
 p - 8 scrolls of immolation {!r}
 t - a scroll of fog
 x - 7 scrolls of fear
 y - a scroll of magic mapping
 A - 4 scrolls of blinking
 B - a scroll of enchant weapon
 C - 2 scrolls of silence {!r}
 X - 4 scrolls of butterflies
Potions
 i - 6 potions of magic
 j - a potion of haste {@q3}
 k - a potion of berserk rage {!q}
 l - 18 potions of curing {@q1}
 m - 5 potions of attraction {!q}
 q - 7 potions of mutation {!q}
 E - 10 potions of ambrosia
 F - 10 potions of lignification {!q}
 L - a potion of resistance
 M - 4 potions of cancellation
 R - 2 potions of might
 S - 3 potions of heal wounds {@q2}


   Skills:
 O Level 27 Fighting
 O Level 27 Axes
 O Level 27 Armour
 O Level 27 Dodging
 + Level 12.8 Evocations


You had 26 spell levels left.
You didn't know any spells.
Your spell library contained the following spells:

 Spells                   Type           Power      Damage    Failure   Level
 Apportation              Tloc           0%         N/A       69%         1
 Beastly Appendage        Tmut           0%         N/A       69%         1
 Foxfire                  Conj/Fire      0%         2x1d4     69%         1
 Freeze                   Ice            0%         1d3       69%         1
 Necrotise                Necr           0%         1d4       69%         1
 Blink                    Tloc           0%         N/A       83%         2
 Cigotuvi's Dreadful Rot  Necr/Pois/Air  0%         N/A       83%         2
 Ensorcelled Hibernation  Hex/Ice        0%         N/A       83%         2
 Lesser Beckoning         Tloc           0%         N/A       83%         2
 Momentum Strike          Conj/Tloc      0%         3d8       83%         2
 Poisonous Vapours        Pois/Air       0%         N/A       83%         2
 Sublimation of Blood     Necr           0%         N/A       83%         2
 Wereblood                Tmut           0%         N/A       83%         2
 Frozen Ramparts          Ice            0%         1d1       96%         3
 Gell's Gravitas          Tloc           0%         N/A       96%         3
 Hailstorm                Conj/Ice       0%         3d3       96%         3
 Ignite Poison            Fire/Tmut/Pois 0%         N/A       96%         3
 Inner Flame              Hex/Fire       0%         N/A       96%         3
 Mephitic Cloud           Conj/Pois/Air  0%         N/A       96%         3
 Portal Projectile        Hex/Tloc       0%         N/A       96%         3
 Spider Form              Tmut/Pois      0%         N/A       96%         3
 Stone Arrow              Conj/Erth      0%         3d7       96%         3
 Summon Guardian Golem    Hex/Summ       0%         N/A       96%         3
 Teleport Other           Tloc           0%         N/A       96%         3
 Tukima's Dance           Hex            0%         N/A       96%         3
 Vampiric Draining        Necr           0%         2d6       96%         3
 Vhi's Electric Charge    Tloc/Air       0%         N/A       96%         3
 Anguish                  Hex/Necr       0%         N/A       100%        4
 Animate Dead             Necr           0%         N/A       100%        4
 Cause Fear               Hex            0%         N/A       100%        4
 Ice Form                 Ice/Tmut       0%         N/A       100%        4
 Leda's Liquefaction      Hex/Erth       0%         N/A       100%        4
 Passage of Golubria      Tloc           0%         N/A       100%        4
 Summon Ice Beast         Ice/Summ       0%         N/A       100%        4
 Summon Lightning Spire   Summ/Air       0%         N/A       100%        4
 Agony                    Necr           0%         N/A       100%        5
 Alistair's Intoxication  Tmut/Pois      0%         N/A       100%        5
 Arcjolt                  Conj/Air       0%         1d10      100%        5
 Blade Hands              Tmut           0%         N/A       100%        5
 Borgnjor's Vile Clutch   Necr/Erth      0%         N/A       100%        5
 Fireball                 Conj/Fire      0%         3d3       100%        5
 Freezing Cloud           Conj/Ice/Air   0%         6-21      100%        5
 Irradiate                Conj/Tmut      0%         3d11      100%        5
 Lee's Rapid Deconstruct  Erth           0%         3d4*      100%        5
 Silence                  Hex/Air        0%         N/A       100%        5
 Summon Forest            Summ/Tloc      0%         N/A       100%        5
 Yara's Violent Unravell  Hex/Tmut       0%         3d3       100%        5
 Conjure Ball Lightning   Conj/Air       0%         3x3d6     100%        6
 Eringya's Noxious Bog    Tmut/Pois      0%         N/A       100%        6
 Plasma Beam              Fire/Air       0%         2x1d11    100%        6
 Starburst                Conj/Fire      0%         6d3       100%        6
 Statue Form              Tmut/Erth      0%         N/A       100%        6
 Dragon Form              Tmut           0%         N/A       100%        7
 Enfeeble                 Hex            0%         N/A       100%        7
 Haunt                    Necr/Summ      0%         N/A       100%        7
 Malign Gateway           Summ/Tloc      0%         N/A       100%        7
 Orb of Destruction       Conj           0%         9d5       100%        7
 Spellforged Servitor     Conj/Summ      0%         N/A       100%        7
 Summon Hydra             Summ           0%         N/A       100%        7
 Discord                  Hex            0%         N/A       100%        8
 Disjunction              Tloc           0%         N/A       100%        8
 Infestation              Necr           0%         N/A       100%        8
 Lehudib's Crystal Spear  Conj/Erth      0%         10d2      100%        8
 Chain Lightning          Conj/Air       0%         N/A       100%        9
 Dragon's Call            Summ           0%         N/A       100%        9
 Fire Storm               Conj/Fire      0%         5d1       100%        9
 Shatter                  Erth           0%         3d5*      100%        9


Dungeon Overview and Level Annotations

Branches:
Dungeon (15/15)            Temple (1/1) D:5            Lair (5/5) D:11
 Shoals (4/4) Lair:2        Snake (4/4) Lair:3        Slime (0/5) Lair:5
    Orc (2/2) D:11            Elf (3/3) Orc:2        Vaults (5/5) D:13
  Crypt (0/3) Vaults:3     Depths (4/4) D:15            Zot (5/5) Depths:4
 Bailey (visited)           IceCv (visited)

Altars:
Ashenzari
Cheibriados
Dithmenos
Elyvilon
Fedhas
Gozag
Hepliaklqana
Kikubaaqudgha
Makhleb
Nemelex Xobeh
Okawaru
Qazlal
Sif Muna
Trog
Uskayaw
Vehumet
Wu Jian
Xom
Yredelemnul
Zin
Jiyva

Shops:
D:3 *   D:14 *   D:15 *   Orc:2 **[   Elf:1 (   Shoals:1 (   Shoals:3 (
Snake:1 *   Snake:4 =:=   Vaults:1 [:[?[   Vaults:3 **[   Depths:4 [*

Portals:
Hell: Depths:2
Pandemonium: Orc:2
Ziggurat: Depths:4

Annotations:
Lair:5 1 runed translucent door
Zot:2 1 transporter


Innate Abilities, Weirdness & Mutations

You passively map a large area around you.
You are easily found by Zot.
You glow in the dark.
You regain HP and MP as you explore.
You have sharp fingernails.
Your spells are a little easier to cast, but a little less powerful.


Message History

Unknown command!
You slice the Orb Guardian like a ripe choko!!!!!!!!!
The Orb Guardian is heavily wounded!
The Orb Guardian hits you but does no damage!
Unknown command!
You open the Orb Guardian like a pillowcase!!!!!!!!!!!!
You annihilate the Orb Guardian!!!
Trog roars: ANNIHILATED!
You have mastered Dodging!!!
You need to enable at least one skill for training!
(D) Dungeon (T) Temple (L) Lair (A) Shoals (P) Snake Pit (M) Slime Pits (O) Orcish Mines (E) Elven Halls (V) Vaults (C) Crypt (U) Depths (H) Hell (Z) Zot
Where to? (Enter - D:2 @ (x,y), ? - help)
You see here a bat skeleton!
There is an open door here!
There is a stone staircase leading up here!
Unknown command!
You climb upwards!
There is a stone staircase leading down here!
Unknown command!
You see here a +0 whip!
You enter the shallow water!
Moving in this stuff is going to be slow!
There is a staircase leading out of the dungeon here!
You feel very buoyant!
You fly up into the air!
Really quaff
m - 6 potions of attraction {!!.q}?
Really quaff the potion of attraction?
You feel attractive to monsters!
You feel very mighty all of a sudden!
You feel yourself speed up!
Okay, then!
Your skin crawls!
You feel strong-willed!
A red film seems to cover your vision as you go berserk!!!
You feel yourself moving faster!!!
You feel mighty!!!
You feel a strong urge to attack something!
You have escaped!!!

...........#.........)####
...........+.............#
.....†.....#...##........#
...........#...##........#
......###..~♣♣♣♣♣♣♣♣♣~.###
........#.~~≈≈♣♣≈♣♣≈≈~~#
........#.♣♣~~~~~~~~~♣♣#
........#.♣≈~~~~~~~~~♣
.....#....♣♣~~~~p~~~~♣
..###....#♣≈~~~~~~~~~♣*
.>##.†....♣≈~~~~~~~~~≈♣#
.##.......~~≈♣≈♣≈≈♣≈♣~~#
.##.#......~♣♣♣♣♣♣♣♣♣~.###*
* * *
....+....................,
, , ,
##+##..................###
....#..........†.......#
..........##.........##


There were no monsters in sight!

Vanquished Creatures
  3 dread liches
  5 ancient liches
  Mennas (Vaults:4)
  4 orbs of fire (Zot:5)
  A juggernaut (Depths:3)
  Sojobo (D:15)
  4 Killer Klowns (Zot:5)
  A caustic shrike (Depths:3)
  Parghit (Zot:1)
  A curse toe (Zot:4)
  Saint Roka (Vaults:5)
  Jory (Depths:3)
  Nikola (Depths:1)
  7 golden dragons
  A Tzitzimitl (D:13)
  3 pandemonium lords
  A Hell Sentinel (Depths:2)
  15 tentacled monstrosities
  27 Orb Guardians
  The ghost of Sar the Spry, a veteran MeBe of Trog (Vaults:1)
  3 electric golems
  5 liches
  5 titans
  4 quicksilver dragons
  5 acid blobs (D:13)
  3 deep elf blademasters
  6 death cobs
  An Executioner (D:7)
  2 deep elf master archers (Elf:3)
  Asterion (Depths:2)
  Polyphemus (Shoals:4)
  Frances (Shoals:1)
  Kirke (D:15)
  2 sphinxes
  16 storm dragons
  Donald (Orc:2)
  A draconian knight (Zot:5)
  7 tengu reavers
  10 shadow dragons
  Roxanne (Elf:2)
  3 nagarajas
  7 frost giants
  3 azure jellies (D:13)
  6 fire giants
  A daeva (D:14)
  9 deep elf sorcerers
  2 ghost moths (Zot:5)
  14 vault wardens
  A draconian scorcher (Zot:2)
  5 draconian shifters
  A cacodemon (D:7)
  Aizul (Snake:2)
  Louise (D:15)
  8 deep elf elementalists (Elf:3)
  10 ironbound preservers
  5 draconian annihilators
  A draconian stormcaller (Depths:4)
  3 ironbound thunderhulks
  16 very ugly things
  2 reapers (Zot:5)
  A war gargoyle (Vaults:3)
  2 caustic shrike skeletons
  10 stone giants
  A vampire knight (Depths:4)
  8 deep elf demonologists (Elf:3)
  7 green draconians
  Azrael (Elf:2)
  9 purple draconians
  5 white draconians
  12 black draconians
  9 dire elephants
  10 deep elf annihilators
  Snorg (D:11)
  6 yellow draconians
  7 red draconians
  The ghost of Qucvyi Areg the Grappler, a journeyman DrTm of Yredelemnul (Lair:2)
  10 deep elf death magi
  2 jiangshi (Depths:3)
  13 ettins
  A blizzard demon (Depths:2)
  6 fire dragons
  2 green deaths
  4 merfolk javelineers
  12 yaktaur captains
  Josephine (D:15)
  15 merfolk impalers
  An entropy weaver (Vaults:3)
  6 deep elf high priests (Elf:3)
  2 great orbs of eyes
  A rakshasa (Depths:3)
  A peacekeeper (Vaults:4)
  Harold (Orc:1)
  3 ogre magi
  8 hydras
  A salamander tyrant (Snake:4)
  3 ice dragons
  4 spriggan air magi
  A hydra (shapeshifter) (Vaults:5)
  25 vault guards (Vaults:5)
  The ghost of Iplucs the Ripper, a journeyman FeBe of Trog (D:13)
  2 hell beasts
  9 centaur warriors
  7 ironbound frosthearts
  An alligator snapping turtle (Shoals:3)
  8 anacondas
  2 merfolk avatars
  3 demonspawn (Orc:2)
  5 boulder beetles
  6 two-headed ogres
  19 dancing weapons
  4 catoblepae
  9 merfolk aquamancers
  A satyr (Shoals:4)
  14 death yaks
  A spectral elf (Vaults:1)
  14 naga warriors
  2 vampire magi
  4 deep troll shamans
  Urug (Lair:1)
  3 hell hogs (Depths:2)
  7 deep troll earth magi
  7 orc high priests
  9 tengu warriors
  17 naga sharpshooters
  7 shock serpents
  A shock serpent (shapeshifter) (Depths:2)
  4 spriggans
  Nergalle (D:11)
  17 deep elf knights
  4 spriggan berserkers
  A sun demon (D:7)
  A spectral death yak (Lair:5)
  A sixfirhy (D:7)
  4 iron trolls
  2 skysharks
  A storm dragon skeleton (Depths:1)
  2 salamander mystics
  A shadow wraith (Vaults:5)
  A spectral anaconda (Lair:5)
  7 skeletal warriors
  36 deep trolls
  5 wizards
  10 sea snakes
  A shadow demon (Depths:3)
  6 phantasmal warriors
  6 deep elf archers
  A flayed ghost (Vaults:1)
  2 obsidian statues
  8 naga ritualists
  10 ironbound convokers
  10 orc knights
  10 necromancers
  A shadow dragon zombie (Depths:1)
  A harpy (shapeshifter) (D:15)
  10 harpies
  9 fauns
  19 deep elf zephyrmancers
  A lindwurm (Vaults:1)
  20 deep elf pyromancers
  A frost giant zombie (D:15)
  18 ugly things
  2 tengu skeletons
  11 mana vipers
  12 salamanders
  10 orc sorcerers
  3 cyclopes
  17 moths of wrath
  A fire giant zombie (D:15)
  12 manticores
  15 elephants
  3 rust devils
  A frost giant skeleton (Vaults:1)
  A dire elephant zombie (Lair:5)
  40 black mambas
  15 naga magi
  2 stone giant skeletons (Vaults:1)
  6 guardian serpents
  2 ice statues (IceCv)
  9 vault sentinels
  6 merfolk sirens
  A gargoyle (D:12)
  A demonic crawler (D:9)
  An elephant (shapeshifter) (Depths:4)
  An eye of devastation (D:13)
  2 orange demons (D:7)
  4 centaur skeletons (D:13)
  9 water nymphs
  7 cane toads
  An unseen horror (D:13)
  7 rime drakes
  6 komodo dragons
  21 yaktaurs
  A freezing wraith (Vaults:1)
  A tormentor (D:8)
  2 efreet
  2 ice devils
  A kobold demonologist (D:11)
  6 tengu conjurers
  A red devil (Orc:2)
  3 polar bears
  A queen bee (Lair:1)
  9 wind drakes
  30 merfolk
  6 meliai
  A polar bear (shapeshifter) (Vaults:5)
  5 hornets
  7 trolls
  24 blink frogs
  A tarantella (shapeshifter) (Vaults:5)
  Prince Ribbit (Lair:3)
  A hellwing (Orc:2)
  A spectral elephant (Lair:5)
  20 dream sheep
  8 snapping turtles
  A jumping spider (shapeshifter) (D:15)
  26 slime creatures
  7 air elementals
  A centaur simulacrum (D:15)
  8 wraiths
  3 shadows
  A vampire (D:14)
  30 water elementals
  2 basilisks (Lair:2)
  A culicivora (Vaults:3)
  2 ynoxinuls
  3 wyverns
  5 fire elementals
  53 yaks
  2 hogs (D:15)
  A fire bat (D:9)
  2 steam dragons
  11 golden eyes
  A death yak simulacrum (Lair:5)
  3 redbacks
  A chaos spawn (Orc:2)
  Grum (D:8)
  Menkaure (D:4)
  3 wargs
  A spectral cane toad (Lair:5)
  A glowing shapeshifter zombie (D:15)
  46 nagas
  13 vampire mosquitoes
  10 water moccasins
  A large abomination (D:2)
  3 hell hounds (Elf:2)
  2 floating eyes (shapeshifter) (Vaults:5)
  41 orc warriors
  3 ettin simulacra (Depths:2)
  A human zombie (Vaults:1)
  15 ogres
  4 boggarts
  An elephant skeleton (Lair:5)
  13 wolves
  A phantom (D:6)
  11 centaurs
  5 kobold brigands
  A scorpion (D:5)
  8 bullfrogs
  A gnoll sergeant (D:8)
  An earth elemental (Elf:1)
  8 wights
  An elephant simulacrum (Lair:5)
  3 lindwurm simulacra (IceCv)
  28 killer bees
  An electric eel (D:10)
  A howler monkey (D:12)
  A crimson imp (D:7)
  7 komodo dragon simulacra (IceCv)
  2 jellies
  3 gnoll boudas
  4 hounds
  24 orc priests
  A sleepcap (D:4)
  Jessica (D:3)
  6 iguanas
  11 orc wizards
  6 acid dragon simulacra (IceCv)
  29 gnolls
  5 adders
  2 white imps
  5 steam dragon simulacra (IceCv)
  2 worms (D:2)
  70 orcs
  3 endoplasms
  2 giant cockroaches
  3 goblins
  5 hobgoblins
  2 jackals (D:1)
  4 quokkas
  9 ball pythons
  4 bats
  3 frilled lizards
  19 kobolds
  8 rats
1860 creatures vanquished.

Vanquished Creatures (collateral kills)
  A dire elephant (Lair:5)
  2 salamander tyrants (Snake:4)
  An anaconda (Snake:1)
  A dancing weapon (Elf:2)
  A death yak (Lair:3)
  A naga sharpshooter (Snake:4)
  A guardian serpent (Snake:4)
  A black mamba (Lair:5)
  A rime drake (Lair:5)
  A blink frog (Lair:3)
  A yak (Lair:5)
  3 nagas
  2 water moccasins (Lair:5)
  A wolf (Lair:5)
  A cane toad simulacrum (Lair:5)
  An elephant simulacrum (Lair:5)
  An electric eel (Lair:3)
21 creatures vanquished.

Vanquished Creatures (others)
  2 stone giants (Depths:1)
  A jiangshi (Depths:3)
  A dancing weapon (Elf:2)
  A sixfirhy (D:5)
  A deep troll (Depths:1)
  A flayed ghost (Depths:1)
  A naga mage (Snake:4)
  A tengu conjurer (Depths:1)
  An air elemental (Elf:2)
  A spriggan (Depths:2)
  An orc warrior (Vaults:5)
12 creatures vanquished.

Grand Total: 1893 creatures vanquished

Notes
Turn   | Place    | Note
-------+----------+-------------------------------------------
     0 | D:1      | Sar the Meteoran Berserker began the quest for the Orb.
     0 | D:1      | Reached XP level 1. HP: 19/19 MP: 2/2
    51 | D:1      | Reached XP level 2. HP: 5/26 MP: 3/3
   199 | D:1      | Reached XP level 3. HP: 33/33 MP: 4/4
   358 | D:2      | Reached XP level 4. HP: 8/40 MP: 5/5
   398 | D:2      | Reached skill level 5 in Axes
   401 | D:2      | Reached ** piety under Trog
   584 | D:2      | Reached XP level 5. HP: 47/47 MP: 6/6
   782 | D:3      | Found a white marble altar of Elyvilon.
   897 | D:3      | Found a hazy altar of Hepliaklqana.
   897 | D:3      | Noticed Jessica
   927 | D:3      | Killed Jessica
   987 | D:3      | Found Zyatiakh's General Store.
  1002 | D:3      | Bought a scroll of fear for 48 gold pieces
  1002 | D:3      | Bought a scroll of identify for 24 gold pieces
  1133 | D:4      | Reached skill level 5 in Fighting
  1139 | D:4      | Reached XP level 6. HP: 25/56 MP: 7/7
  1376 | D:4      | Noticed Menkaure
  1384 | D:4      | Killed Menkaure
  1385 | D:4      | Reached XP level 7. HP: 62/62 MP: 8/8
  1442 | D:5      | Entered Level 5 of the Dungeon
  1454 | D:5      | Found a staircase to the Ecumenical Temple.
  1489 | Temple   | Entered the Ecumenical Temple
  1839 | D:5      | Found a glowing silver altar of Zin.
  1868 | D:5      | Reached *** piety under Trog
  2033 | D:6      | Reached XP level 8. HP: 63/71 MP: 9/9
  2349 | D:6      | Reached skill level 5 in Evocations
  2610 | D:7      | Gained mutation: You passively map the area around you.
                  | [Meteoran growth]
  2610 | D:7      | Reached XP level 9. HP: 74/79 MP: 10/10
  2907 | D:7      | Found a burning altar of Makhleb.
  3071 | D:8      | Noticed Grum
  3083 | D:8      | Reached skill level 10 in Axes
  3088 | D:8      | Killed Grum
  3089 | D:8      | Reached XP level 10. HP: 25/91 MP: 11/11
  3352 | D:8      | Noticed a two-headed ogre
  3358 | D:8      | Killed a two-headed ogre
  3359 | D:8      | Reached skill level 10 in Fighting
  3602 | D:9      | Found a flagged portal.
  3620 | Bailey   | Entered a bailey
  3740 | Bailey   | Reached **** piety under Trog
  3835 | Bailey   | Noticed an orc knight
  3850 | Bailey   | Killed an orc knight
  3983 | Bailey   | Acquired the +3 pair of gauntlets of War {Slay+5}
  3983 | Bailey   | Found the +3 pair of gauntlets of War {Slay+5}
  4079 | D:8      | Noticed a rust devil
  4079 | D:8      | Noticed a rust devil
  4201 | D:9      | Noticed a two-headed ogre
  4209 | D:9      | Killed a two-headed ogre
  4210 | D:9      | Reached XP level 11. HP: 99/99 MP: 12/12
  4293 | D:9      | Found an opulent altar of Gozag.
  4373 | D:9      | Noticed a manticore
  4384 | D:9      | Killed a manticore
  4385 | D:9      | Reached skill level 15 in Axes
  4574 | D:9      | Noticed Maurice
  4578 | D:9      | Maurice changed into Maurice the fire bat
  4578 | D:9      | Noticed Maurice
  4579 | D:9      | Killed Maurice the fire bat
  4593 | D:10     | Entered Level 10 of the Dungeon
  4676 | D:10     | Noticed a two-headed ogre
  4684 | D:10     | Killed a two-headed ogre
  4733 | D:10     | Identified the ring "Leavedgh" {Ice Will+}
  5091 | D:10     | Found a shimmering altar of Xom.
  5251 | D:11     | Noticed Snorg
  5257 | D:11     | Killed Snorg
  5281 | D:11     | Found a staircase to the Lair.
  5327 | D:11     | Found a staircase to the Orcish Mines.
  5337 | D:11     | Reached XP level 12. HP: 106/106 MP: 13/13
  5354 | D:11     | Reached skill level 5 in Dodging
  5395 | D:11     | Noticed Nergalle
  5403 | D:11     | Killed Nergalle
  5694 | Lair:1   | Entered Level 1 of the Lair of Beasts
  5806 | Lair:1   | Reached ***** piety under Trog
  5811 | Lair:1   | Reached skill level 5 in Armour
  5983 | Lair:1   | Noticed Urug
  5990 | Lair:1   | Killed Urug
  6014 | Lair:2   | Noticed Qucvyi Areg's ghost (journeyman DrTm)
  6019 | Lair:2   | Reached XP level 13. HP: 113/113 MP: 14/14
  6019 | Lair:2   | Found a runed translucent door.
  6047 | Lair:2   | Killed Qucvyi Areg's ghost
  6058 | Lair:2   | Acquired the +1 pair of boots "Wenaubusk" {Drain Int+8
                  | Slay+5 Stlth+}
  6217 | Lair:2   | Noticed a boulder beetle
  6228 | Lair:2   | Killed a boulder beetle
  6238 | Lair:2   | Noticed a death yak
  6249 | Lair:2   | Killed a death yak
  6282 | Lair:2   | Noticed a death yak
  6284 | Lair:2   | Noticed a death yak
  6284 | Lair:2   | Noticed a death yak
  6284 | Lair:2   | Noticed a death yak
  6284 | Lair:2   | Noticed a death yak
  6289 | Lair:2   | Killed a death yak
  6295 | Lair:2   | Killed a death yak
  6296 | Lair:2   | Killed a death yak
  6297 | Lair:2   | Reached skill level 10 in Armour
  6301 | Lair:2   | Killed a death yak
  6307 | Lair:2   | Killed a death yak
  6383 | Lair:2   | Found a staircase to the Shoals.
  6452 | Lair:3   | Noticed Prince Ribbit
  6456 | Lair:3   | Noticed a death yak
  6456 | Lair:3   | Noticed a death yak
  6459 | Lair:3   | Noticed a death yak
  6459 | Lair:3   | Noticed a death yak
  6460 | Lair:3   | Noticed a death yak
  6473 | Lair:3   | Killed a death yak
  6477 | Lair:3   | Killed a death yak
  6479 | Lair:3   | Killed a death yak
  6485 | Lair:3   | Reached XP level 14. HP: 53/122 MP: 15/15
  6488 | Lair:3   | Received a gift from Trog
  6491 | Lair:3   | Killed Prince Ribbit
  6689 | Lair:3   | Found a staircase to the Snake Pit.
  6909 | Lair:5   | Entered Level 5 of the Lair of Beasts
  7076 | Lair:5   | Reached XP level 15. HP: 107/136 MP: 16/16
  7136 | Lair:5   | Identified the +5 chain mail "Qazatitz" {MP+9}
  7205 | Lair:5   | Reached ****** piety under Trog
  7336 | Lair:5   | Noticed Sonja
  7344 | Lair:5   | Sonja changed into Sonja the golden eye
  7344 | Lair:5   | Noticed Sonja
  7351 | Lair:5   | Killed Sonja the golden eye
  7363 | Lair:5   | Received a gift from Trog
  7460 | Lair:5   | Reached skill level 15 in Armour
  7770 | Lair:5   | Reached skill level 15 in Fighting
  7932 | Lair:5   | Found a runed translucent door.
  7932 | Lair:5   | Found a staircase to the Slime Pits.
  7932 | Lair:5   | Noticed an acid blob
  7932 | Lair:5   | Noticed an acid blob
  8163 | D:12     | Reached XP level 16. HP: 149/149 MP: 17/17
  8240 | D:12     | Identified the +7 rapier of Sar's Misery {elec, rPois Will-
                  | Str+2}
  8327 | Orc:1    | Entered Level 1 of the Orcish Mines
  8400 | Orc:1    | Noticed Harold
  8411 | Orc:1    | Killed Harold
  8494 | Orc:2    | Entered Level 2 of the Orcish Mines
  8644 | Orc:2    | Found a staircase to the Elven Halls.
  8702 | Orc:2    | Found Mare's General Store.
  8712 | Orc:2    | Found Gisit's General Store.
  8721 | Orc:2    | Received a gift from Trog
  8786 | Orc:2    | Bought a potion of heal wounds for 75 gold pieces
  8844 | Orc:2    | Noticed Donald
  8980 | Orc:2    | Killed Donald
  9117 | Orc:2    | Found Elaereof's Book Shop.
  9117 | Orc:2    | Found Ciruax's Antique Armour Boutique.
  9117 | Orc:2    | Found a one-way gate leading to the halls of Pandemonium.
  9172 | Orc:2    | Bought a potion of might for 60 gold pieces
  9174 | Orc:2    | Bought a potion of curing for 48 gold pieces
  9174 | Orc:2    | Bought a scroll of teleportation for 48 gold pieces
  9174 | Orc:2    | Bought a scroll of identify for 32 gold pieces
  9174 | Orc:2    | Bought a scroll of magic mapping for 120 gold pieces
  9174 | Orc:2    | Bought a scroll of immolation for 64 gold pieces
  9253 | D:11     | Acquired a manual of Dodging
  9308 | D:13     | Noticed an acid blob
  9308 | D:13     | Found a runed translucent gate.
  9317 | D:13     | Found a runed translucent gate.
  9322 | D:13     | Found a runed translucent gate.
  9324 | D:13     | Noticed an acid blob
  9324 | D:13     | Noticed an acid blob
  9324 | D:13     | Noticed Iplucs's ghost (journeyman FeBe)
  9324 | D:13     | Noticed an acid blob
  9324 | D:13     | Noticed an azure jelly
  9324 | D:13     | Noticed an acid blob
  9325 | D:13     | Noticed an azure jelly
  9325 | D:13     | Noticed an azure jelly
  9327 | D:13     | Found a viscous altar of Jiyva.
  9365 | D:13     | Found a frozen archway.
  9397 | IceCv    | Entered an ice cave
  9508 | IceCv    | Received a gift from Trog
  9558 | IceCv    | Identified the ring "Wealon" {Int+2 Dex+6}
  9561 | IceCv    | Identified the amulet "Qucuache" {RegenMP rC+}
  9586 | IceCv    | Acquired the +10 executioner's axe of Cemoge {heavy, Dex+4}
  9686 | IceCv    | Got Vaprearch's Guidebook on Dislocated Gusts
  9882 | D:13     | Reached XP level 17. HP: 159/159 MP: 18/18
  9906 | D:13     | Found a gate to the Vaults.
 10312 | D:13     | Gained mutation: You passively map a large area around you.
                  | [Meteoran growth]
 10312 | D:13     | Reached XP level 18. HP: 167/167 MP: 19/19
 10392 | D:14     | Acquired the ring "Rufijiet" {rPois rC+ Will+ Int+3 Slay-3}
 10583 | D:14     | Found Zirrufiu's General Store.
 10934 | D:15     | Entered Level 15 of the Dungeon
 10945 | D:15     | Found a staircase to the Depths.
 10949 | D:15     | Received a gift from Trog
 10950 | D:15     | Noticed Louise
 10958 | D:15     | Killed Louise
 11204 | D:15     | Found Naby's General Store.
 11216 | D:15     | Bought a potion of haste for 110 gold pieces
 11216 | D:15     | Bought a +1 helmet of intelligence for 181 gold pieces
 11216 | D:15     | Bought a scroll of teleportation for 33 gold pieces
 11216 | D:15     | Bought a potion of magic for 88 gold pieces
 11216 | D:15     | Bought a potion of attraction for 33 gold pieces
 11364 | D:15     | Noticed Josephine
 11369 | D:15     | Killed Josephine
 11397 | D:15     | Noticed Kirke
 11403 | D:15     | Killed Kirke
 11404 | D:15     | Reached skill level 10 in Dodging
 11641 | Snake:1  | Entered Level 1 of the Snake Pit
 11661 | Snake:1  | Found a transporter.
 11874 | Snake:1  | Found Egiutz's Eclectic Emporium.
 11881 | Snake:1  | Reached XP level 19. HP: 177/177 MP: 20/20
 11947 | Snake:1  | Found a transporter.
 12153 | Snake:2  | Noticed Aizul
 12161 | Snake:2  | Killed Aizul
 12163 | Snake:2  | Received a gift from Trog
 12367 | Snake:3  | Found a white marble altar of Elyvilon.
 12472 | Snake:3  | Reached skill level 15 in Dodging
 12508 | Snake:4  | Entered Level 4 of the Snake Pit
 12517 | Snake:4  | Found Jesiut's Jewellery Shop.
 12517 | Snake:4  | Found Eluff's Book Emporium.
 12518 | Snake:4  | Found Vimaq's Jewellery Shop.
 12719 | Snake:4  | Received a gift from Trog
 12803 | Snake:4  | Reached XP level 20. HP: 92/191 MP: 21/21
 12904 | Snake:4  | Received a gift from Trog
 13032 | Snake:4  | Got a serpentine rune of Zot
 13309 | Snake:1  | Identified the staff of death "Alihir" {rElec rC+ rN+
                  | rCorr}
 13313 | Snake:1  | Identified the amulet of Onlit {Rampage +Inv Regen+}
 13338 | Snake:1  | Identified the ring "Voqetur" {Fire Str+3}
 13730 | Shoals:1 | Entered Level 1 of the Shoals
 13924 | Shoals:3 | Found Coom Pewyxt's Weapon Shoppe.
 13953 | Shoals:4 | Entered Level 4 of the Shoals
 13998 | Shoals:4 | Paralysed by an air elemental for 1 turns
 14025 | Shoals:4 | Received a gift from Trog
 14379 | Shoals:4 | Noticed Polyphemus
 14390 | Shoals:4 | Killed Polyphemus
 14391 | Shoals:4 | Reached XP level 21. HP: 192/202 MP: 22/22
 14518 | Shoals:4 | Paralysed by an air elemental for 1 turns
 14649 | Shoals:4 | Identified the +0 troll leather armour of Gravity {-Cast
                  | rC+ Will+++ Regen+ Dex+4}
 14653 | Shoals:4 | Received a gift from Trog
 14791 | Shoals:4 | Paralysed by an air elemental for 1 turns
 14971 | Shoals:4 | Identified the +5 whip "Urphuyhaq" {heavy, Will+ Str+4}
 15052 | Shoals:4 | Got a barnacled rune of Zot
 15404 | Shoals:3 | Received a gift from Trog
 15662 | Shoals:1 | Noticed Frances
 15665 | Shoals:1 | Killed Frances
 15733 | Shoals:1 | Found Aneggor's Antique Weapon Emporium.
 15929 | Vaults:1 | Entered Level 1 of the Vaults
 16022 | Vaults:1 | Found Najeasu's Antique Armour Shop.
 16077 | Vaults:1 | Received a gift from Trog
 16124 | Vaults:1 | Reached XP level 22. HP: 203/215 MP: 23/23
 16310 | Vaults:1 | Found a transporter.
 16312 | Vaults:1 | Noticed Sar's ghost (veteran MeBe)
 16315 | Vaults:1 | Found a transporter.
 16333 | Vaults:1 | Killed Sar's ghost
 16408 | Vaults:1 | Found Senetta's Book Boutique.
 16408 | Vaults:1 | Found Qaid's Antique Armour Shoppe.
 16418 | Vaults:1 | Glimpsed the power of Zot.
 16543 | Vaults:1 | Found Fubbixzuy's Antique Armour Emporium.
 16545 | Vaults:1 | Found Ujiezycs's Magic Scroll Shop.
 16555 | Vaults:1 | Acquired 235 gold pieces
 16556 | Vaults:1 | Acquired 844 gold pieces
 16622 | Vaults:1 | Bought gold dragon scales for 2480 gold pieces
 16975 | Vaults:4 | Received a gift from Trog
 17159 | Vaults:3 | Found Hoesuar's General Store.
 17159 | Vaults:3 | Found Rainuanlu's General Store.
 17163 | Vaults:3 | Found Maddorim's Armour Emporium.
 17320 | Vaults:4 | Noticed a golden dragon
 17325 | Vaults:4 | Identified the ring of the Scarab {+Blink EV+5}
 17362 | Vaults:4 | Killed a golden dragon
 17632 | Depths:1 | Entered Level 1 of the Depths
 17632 | Depths:1 | Noticed Sojobo
 17640 | D:15     | Received a gift from Trog
 17642 | D:15     | Killed Sojobo
 17643 | D:15     | Reached XP level 23. HP: 227/227 MP: 24/24
 17798 | Elf:1    | Entered Level 1 of the Elven Halls
 17830 | Elf:1    | Found Foskeed's Antique Weapon Shoppe.
 18005 | Elf:2    | Found a runed translucent gate.
 18005 | Elf:2    | Found a runed translucent gate.
 18005 | Elf:2    | Found a runed translucent gate.
 18016 | Elf:2    | Noticed Azrael
 18026 | Elf:2    | Killed Azrael
 18289 | Elf:2    | Noticed Roxanne
 18298 | Elf:2    | Killed Roxanne
 18334 | Elf:2    | Identified the +9 short sword of Superiority {heavy, Drain
                  | rF+ rN+ Dex+2} (Trog gifted it to you on level 2 of the
                  | Elven Halls)
 18334 | Elf:2    | Received a gift from Trog
 18357 | Elf:3    | Entered Level 3 of the Elven Halls
 18390 | Elf:3    | Found a flickering gateway to a bazaar.
 18414 | Bazaar   | Entered a bazaar
 18417 | Bazaar   | Found Netwead's Assorted Antiques.
 18430 | Bazaar   | Found Bexzuvee's Antique Weapon Shop.
 18479 | Bazaar   | Found Amioful's Armour Shop.
 18479 | Bazaar   | Found Osuhuaff's Magic Scroll Boutique.
 18494 | Bazaar   | Bought a scroll of blinking for 105 gold pieces
 18494 | Bazaar   | Acquired 654 gold pieces
 18508 | Bazaar   | Bought a scroll of blinking for 195 gold pieces
 18523 | Bazaar   | Bought a scroll of immolation for 56 gold pieces
 18523 | Bazaar   | Bought a scroll of fog for 56 gold pieces
 18523 | Bazaar   | Bought a scroll of fear for 56 gold pieces
 18523 | Bazaar   | Bought a scroll of teleportation for 42 gold pieces
 18894 | Elf:3    | Received a gift from Trog
 18945 | Elf:3    | Reached XP level 24. HP: 215/240 MP: 24/24
 18951 | Elf:3    | Identified the +6 triple sword "Newt's Demise" {heavy,
                  | MP+9}
 18951 | Elf:3    | Identified the ring "Kirrocaegh" {rPois Str+9 Int-4 Dex+3
                  | SInv}
 19035 | Elf:3    | Got the Vademecum on Assistive Mortification
 19066 | Elf:3    | Identified the amulet "Huusm" {Harm Will- Regen+ Dex+3}
 19073 | Elf:3    | Identified the staff of cold "Hatzilui" {rC+ Dex+4}
 19074 | Elf:3    | Identified the staff of cold "Quberorgh" {rC+ rN+ rCorr
                  | SInv}
 19084 | Elf:3    | Got the Secrets of Inflammable Mustering
 19132 | Elf:3    | Identified the +6 hand axe of Furan {freeze, Drain rCorr
                  | Int+8 Dex-3}
 19132 | Elf:3    | Identified the +0 leather armour of Grace {Rampage rC+
                  | Int+3}
 19236 | Elf:3    | Got Julitw Teof's Quarto of the Leaden Swarm
 19801 | Depths:1 | Received a gift from Trog
 19936 | Depths:1 | Noticed Nikola
 19961 | Depths:1 | Killed Nikola
 20078 | Depths:2 | Found a basalt altar of Yredelemnul.
 20104 | Depths:2 | Found a gateway to Hell.
 20159 | Depths:2 | Received a gift from Trog
 20712 | Depths:2 | Noticed Asterion
 20717 | Depths:2 | Killed Asterion
 20829 | Depths:3 | Reached XP level 25. HP: 253/253 MP: 24/24
 20875 | Depths:3 | Noticed a juggernaut
 20876 | Depths:3 | Noticed a golden dragon
 20876 | Depths:3 | Noticed a caustic shrike
 20883 | Depths:3 | Killed a juggernaut
 20893 | Depths:3 | Killed a caustic shrike
 20896 | Depths:3 | Killed a golden dragon
 20904 | Depths:3 | Identified the +1 leather armour of the Harp {rPois}
 20969 | Depths:3 | Noticed Jory
 20975 | Depths:3 | Killed Jory
 20982 | Depths:3 | Received a gift from Trog
 21048 | Depths:4 | Entered Level 4 of the Depths
 21069 | Depths:4 | Noticed a golden dragon
 21071 | Depths:4 | Killed a golden dragon
 21074 | Depths:4 | Found a gate to the Realm of Zot.
 21110 | Depths:4 | Found a one-way gateway to a ziggurat.
 21165 | Depths:4 | Found an ornate altar of the Wu Jian Council.
 21206 | Depths:4 | Found Ucziohol's Antique Armour Shop.
 21302 | Depths:4 | Found Lagyix's General Store.
 21305 | Depths:4 | Bought a scroll of teleportation for 60 gold pieces
 21539 | Depths:4 | Found a portal to a secret trove of treasure.
 21943 | Vaults:5 | Entered Level 5 of the Vaults
 21944 | Vaults:5 | Identified the +0 ring mail of a treasure trove {-Tele MP+9
                  | Dex+4}
 22055 | Vaults:5 | Reached skill level 27 in Fighting
 22068 | Vaults:5 | Received a gift from Trog
 22069 | Vaults:5 | Reached XP level 26. HP: 157/266 MP: 24/24
 22092 | Vaults:5 | Noticed an ancient lich
 22097 | Vaults:5 | Noticed Saint Roka
 22098 | Vaults:5 | Killed an ancient lich
 22101 | Vaults:5 | Reached skill level 27 in Armour
 22104 | Vaults:5 | Noticed a dread lich
 22106 | Vaults:5 | Killed Saint Roka
 22107 | Vaults:5 | Killed a dread lich
 22189 | Vaults:5 | Identified the +7 lajatang "Bynleavu" {flame, Dex+5}
 22237 | Vaults:5 | Found the +4 consecrated labrys {holy, Valiant Fragile Fly
                  | SInv}
 22240 | Vaults:5 | Found the ring of the Octopus King
 22246 | Vaults:5 | Identified the amulet "Gorixip" {Spirit Regen+}
 22278 | Vaults:5 | Identified a ring of the Octopus King {rN+ HP+2 AC+2 EV+2
                  | SH+2}
 22291 | Vaults:5 | Identified the +6 whip of Infection {freeze, rF++ Will+}
 22395 | Vaults:5 | Identified the +6 war axe "Pirph" {spect, rElec MP+9 SInv}
 22403 | Vaults:5 | Received a gift from Trog
 22434 | Vaults:5 | Got a silver rune of Zot
 22500 | Vaults:5 | Noticed an ancient lich
 22503 | Vaults:5 | Killed an ancient lich
 22573 | Vaults:5 | Identified the +9 scimitar "Vyupodig" {freeze, rN+ Str+3
                  | Dex+3}
 22757 | Vaults:4 | Noticed Mennas
 22765 | Vaults:4 | Killed Mennas
 22831 | Vaults:3 | Glimpsed the power of Zot.
 22852 | Vaults:2 | Reached XP level 27. HP: 265/273 MP: 24/24
 22855 | Vaults:2 | Received a gift from Trog
 22880 | Vaults:2 | Glimpsed the power of Zot.
 22911 | Vaults:2 | Found a gateway to a bazaar.
 22917 | Bazaar   | Entered a bazaar
 22918 | Bazaar   | Found Vosedd's Jewellery Boutique.
 22918 | Bazaar   | Found Woraiwig's Armour Boutique.
 22920 | Bazaar   | Found Xumehako's Jewellery Emporium.
 22923 | Bazaar   | Found Omecaev's Book Boutique.
 22934 | Bazaar   | Found Noanirut's Book Boutique.
 22940 | Bazaar   | Found Tomeg's Assorted Antiques.
 22978 | Bazaar   | Bought a wand of digging (6) for 655 gold pieces
 22978 | Bazaar   | Bought a scroll of blinking for 195 gold pieces
 22978 | Bazaar   | Bought a potion of heal wounds for 130 gold pieces
 22991 | Vaults:2 | Glimpsed the power of Zot.
 23000 | Vaults:2 | Touched by the power of Zot.
 23114 | Vaults:1 | Glimpsed the power of Zot.
 23365 | Depths:4 | You paid a toll of 14 scrolls of teleportation to enter a
                  | treasure trove
 23366 | Trove    | Entered a treasure trove
 23371 | Trove    | Found the +0 pair of fencer's gloves {Riposte Dex+3}
 23382 | Trove    | Identified the ring "Gobreher" {rElec MP+9 Str+5 Int-5}
 23388 | Trove    | Identified the amulet "Heerel" {RegenMP Dex+3}
 23392 | Trove    | Identified the +1 hand axe of Ickaed {venom, rPois Str+5
                  | Int+3 SInv}
 23457 | Zot:1    | Entered Level 1 of the Realm of Zot
 23541 | Zot:1    | Noticed Parghit
 23545 | Zot:1    | Killed Parghit
 23629 | Zot:2    | Found a transporter.
 23632 | Zot:2    | Found a transporter.
 23634 | Zot:2    | Found a transporter.
 23636 | Zot:2    | Found a transporter.
 23835 | Zot:3    | Received a gift from Trog
 24076 | Zot:5    | Entered Level 5 of the Realm of Zot
 24575 | Zot:4    | Noticed a curse toe
 24583 | Zot:4    | Killed a curse toe
 24587 | Zot:4    | Received a gift from Trog
 24710 | Zot:5    | Noticed an ancient lich
 24717 | Zot:5    | Killed an ancient lich
 24734 | Zot:5    | Noticed an ancient lich
 24741 | Zot:5    | Noticed an orb of fire
 24745 | Zot:5    | Reached skill level 27 in Axes
 24745 | Zot:5    | Killed an ancient lich
 24746 | Zot:5    | Reached skill level 10 in Evocations
 24747 | Zot:5    | Killed an orb of fire
 24748 | Zot:5    | Noticed a Killer Klown
 24764 | Zot:5    | Killed a Killer Klown
 24805 | Zot:5    | Noticed a dread lich
 24806 | Zot:5    | Noticed a Killer Klown
 24818 | Zot:5    | Killed a dread lich
 24827 | Zot:5    | Killed a Killer Klown
 24833 | Zot:5    | Noticed a Killer Klown
 24838 | Zot:5    | Noticed a dread lich
 24841 | Zot:5    | Killed a Killer Klown
 24846 | Zot:5    | Noticed an orb of fire
 24848 | Zot:5    | Killed a dread lich
 24848 | Zot:5    | Gained mutation: Your spells are a little easier to cast,
                  | but a little less powerful. [an orb of fire]
 24853 | Zot:5    | Killed an orb of fire
 24855 | Zot:5    | Noticed an orb of fire
 24856 | Zot:5    | Gained mutation: You have sharp fingernails. [an orb of
                  | fire]
 24894 | Zot:5    | Killed an orb of fire
 24925 | Zot:5    | Noticed an ancient lich
 24928 | Zot:5    | Killed an ancient lich
 24932 | Zot:5    | Noticed an orb of fire
 24938 | Zot:5    | Killed an orb of fire
 25107 | Zot:5    | Noticed a Killer Klown
 25126 | Zot:5    | Killed a Killer Klown
 25287 | Zot:5    | Got the Orb of Zot
 25582 | Depths:3 | Noticed Mis Irr the pandemonium lord
 25587 | Depths:3 | Received a gift from Trog
 25588 | Depths:3 | Killed Mis Irr the pandemonium lord
 25804 | D:13     | Killed Iplucs's ghost
 26030 | D:7      | Noticed Doowaech the pandemonium lord
 26033 | D:7      | Killed Doowaech the pandemonium lord
 26153 | D:5      | Noticed Omitamot the pandemonium lord
 26240 | D:2      | Noticed Ocaex the pandemonium lord
 26244 | D:2      | Killed Ocaex the pandemonium lord
 26261 | D:2      | Reached skill level 27 in Dodging
 26293 | D:$      | Escaped with the Orb!

Illustrated notes

Levels and vault maps discovered:
D:1:      reono_arrival_forest_river, layout_basic
D:2:      layout_loops_corners
D:3:      layout_loops_ring, mainiacjoe_overflow_concentric_impassable,
          nicolae_ru_great_annihilating_truth, mainiacjoe_overflow_24_doors,
          nicolae_overflow_hidden_temple, serial_shops, shop, uniq_jessica,
          uniq_grinder
D:4:      layout_basic, serial_shops, shop, uniq_menkaure
D:5:      layout_rooms, mainiacjoe_overflow_surrounded_room,
          minmay_temple_entry_ruins, hangedman_decor_opposing,
          minmay_liquid_box, eino_small_chamber_without_monster
D:6:      layout_basic
D:7:      layout_cave_pools, makhleb_grotto_becter
D:8:      cheibrodos_iron_armory, layout_layer_cave, lemuel_crystal_altar,
          item_on_display_a, uniq_grum
D:9:      layout_rooms, kennysheep_little_box, enter_bailey_1, uniq_maurice
D:10:     layout_irregular_city, mainiacjoe_overflow_alcove_4,
          amcnicky_mini_pool_medium
D:11:     layout_rooms, lair_entry_dummy, orc_0_dummy, uniq_snorg, uniq_nergalle
D:12:     layout_rooms
D:13:     layout_loops_cross, hangedman_vaults_entry_quadrant_bands,
          gammafunk_ghost_ooze, portal_ice_cave_entry_animals_and_master
D:14:     layout_loops_ring, serial_shops, nicolae_shop_rolling_square
D:15:     gammafunk_depths_entry_grave, layout_long_grid, serial_shops, shop,
          grunt_decor_fettered, uniq_josephine, uniq_louise, uniq_kirke
Temple:   nicolae_temple_slightly_damp_pantheon
Lair:1:   layout_hall_layers, special_room [special_room_bee],
          wad_woods_river_01, uniq_urug
Lair:2:   layout_cave_pods, nicolae_shoals_entry_roost,
          hellmonk_ghost_happy_afterlife, grunt_megastairs_2
Lair:3:   layout_gridlike, minmay_snake_entry_guardpost_small,
          uniq_prince_ribbit2
Lair:4:   layout_cellular_growth
Lair:5:   due_jungle_book, layout_loops_ring, slime_entry_2, grunt_megastairs_3,
          lemuel_fruit_fields, uniq_sonja
Shoals:1: layout_shoals, serial_shops, nicolae_shop_real_fake_doors,
          uniq_frances
Shoals:2: layout_shoals, st_sunken_temple, uniq_ilsuiw
Shoals:3: layout_shoals, serial_shops, nicolae_shop_tiny_waterfront,
          nicolae_shoals_water_elemental_grotto
Shoals:4: shoals_end_hellmonk_storm_palace [storm_palace_center_circular,
          storm_palace_corner_narrow, storm_palace_corner_grid,
          storm_palace_corner_narrow, storm_palace_corner_blocked],
          uniq_polyphemus
Snake:1:  gammafunk_its_a_trap, layout_misc_corridors, grunt_ministairs_15,
          nicolae_alphabet_shops, st_stairs_1
Snake:2:  layout_chambers, grunt_megastairs_4, uniq_aizul
Snake:3:  layout_rooms, serial_shops, nicolae_shop_bloodbath_and_beyond,
          basic_altar
Snake:4:  johnstein_snake_rune_scales, layout_rooms, minmay_shop_grove
Orc:1:    layout_caves, basic_altar, uniq_harold
Orc:2:    pf_orc_diabolical, layout_diamond_mine, uniq_donald
Elf:1:    elf_arrival_001, layout_loops_cross, serial_shops, shop,
          hangedman_elf_disciples, nicolae_elf_big_sculpture_2, minivault_26,
          hangedman_elven_pyramids, kennysheep_underground_church
Elf:2:    nicolae_elf_blades_crystal_corner, layout_geoelf_diagonals,
          lemuel_elevator, uniq_roxanne, uniq_azrael
Elf:3:    nooodl_elf_gasket, layout_onion_city, serial_shops, bzr_entry_lakeside
Vaults:1: gammafunk_ghost_mausoleum, nicolae_vaults_three_branches, v_rooms_3,
          dpeg_vaults_monster_row, grunt_vaults_diagonal,
          nicolae_vaults_double_plus_2, nicolae_vaults_quartermaster,
          hangedman_vaults_maws, nicolae_vaults_house_3,
          nicolae_vaults_ring_of_whatevers, layout_vaults_omnigrid,
          serial_shops, shop, shop_scrolls, shop, shop,
          nicolae_shop_hallway_plus
Vaults:2: ebering_ghost_inner_flame, nicolae_vaults_surprise_closet_hard,
          ontoclasm_vaults_ring_square, v_pattern_5, v_misc_1,
          vaults_room_hallway, nicolae_vaults_yaktaur_gun_rack, v_rooms_2,
          v_alt_pattern_4, v_misc_11, hangedman_vaults_nails,
          nicolae_vaults_gold_heap, ontoclasm_vaults_pinch,
          nicolae_vaults_house_1, nicolae_vaults_storage_room_water,
          layout_vaults_omnibox, serial_shops, statue_bzr
Vaults:3: nicolae_vaults_circle_grid_b, nicolae_vaults_double_plus_1,
          nicolae_vaults_tetromino_Z_2, v_rooms_5, nicolae_vaults_octothorpe,
          minmay_crypt_entry_simple_plaza, hangedman_vaults_hard_town_square,
          nicolae_vaults_six-pack, vaults_room_semicircle, serial_ice_g,
          layout_vaults_big_room, serial_shops,
          nicolae_shop_temple_entry_statues_fountains
Vaults:4: vaults_room_stairs_pillars, vaults_dpeg_doors,
          nicolae_vaults_puzzle_piece, vaults_room_pools,
          nicolae_vaults_closet_pinwheel_5, vaults_room_semicircle,
          nicolae_vaults_corridor_and_loot_room,
          nicolae_vaults_closet_pinwheel_1, dpeg_vaults_monster_box,
          layout_vaults_maze_snakey, uniq_mennas
Vaults:5: uniq_saint_roka
Depths:1: layout_cave_shapes, nrook_mini_vaults, hell_entry,
          kennysheep_generic_room_13, roderic_lattice_octagonal_star,
          uniq_nikola, uniq_sojobo
Depths:2: hangedman_elemental_death_ray, layout_gridlike,
          yredelemnul_altar_generic, pan_entry, hangedman_geh_valley,
          uniq_asterion
Depths:3: minmay_the_grid_plus_closed [minmay_the_grid_zigzag_pyramid,
          minmay_the_grid_rooms, minmay_the_grid_x, minmay_the_grid_all_tris,
          minmay_the_grid_prize_big_room], layout_small_grid, hell_entry,
          abyss_entry_small_statue_room, hangedman_abyss_or_decor_slice,
          uniq_jory
Depths:4: grunt_zot_entry_bicorn, layout_basic, enter_ziggurat_e,
          lightli_too_deep, nicolae_trove_entry_crystal, serial_shops,
          nicolae_diamond_shop, shop, shop, nicolae_wu_jian_immortal_techniques
Zot:1:    layout_misc_corridors, uniq_parghit
Zot:2:    layout_cathedral_of_symmetry, st_small_dragon_hoard_1,
          nicolae_transporter_circle
Zot:3:    layout_gridlike
Zot:4:    layout_onion_interference, hangedman_snake_sidewinding
Zot:5:    layout_gridlike

Skill      XL: |  1  2  3  4  5  6  7  8  9 10 11 12 13 14 15 16 17 18 19 20 21 22 23 24 25 26 27 |
---------------+----------------------------------------------------------------------------------+-----
Axes           | 4 5 6 7 8 10 13 16 18 20 21 23 24 25 27 | 27.0
Fighting       | 4 5 6 7 9 10 13 15 16 17 19 20 22 23 24 25 27 | 27.0
Evocations     | 2 6 12 | 12.8
Dodging        | 4 6 8 12 17 19 20 21 27 | 27.0
Armour         | 7 10 13 16 17 19 21 24 26 27 | 27.0

Action                     |  1- 3 |  4- 6 |  7- 9 | 10-12 | 13-15 | 16-18 | 19-21 | 22-24 | 25-27 || total
---------------------------+-------+-------+-------+-------+-------+-------+-------+-------+-------++-------
  Melee: Hand axe          |    72 |    40 |       |       |       |       |       |       |       ||   112
         War axe           |       |    82 |    74 |       |       |       |       |       |       ||   156
         Punch             |       |     1 |     1 |       |       |       |       |       |       ||     2
         Dagger            |       |    10 |     5 |       |       |       |       |       |       ||    15
         Battleaxe         |       |       |    72 |   298 |   436 |   388 |       |       |       ||  1194
         Executioner's axe |       |       |       |       |       |   141 |   685 |   571 |   767 ||  2164
  Throw: Dart              |       |       |       |       |       |       |       |     1 |     1 ||     2
         Throwing net      |       |       |       |       |       |       |       |     1 |       ||     1
 Invoke: Berserk           |     1 |     3 |     6 |    11 |     2 |     4 |     5 |     3 |     2 ||    37
         Trog's Hand       |       |       |     1 |     1 |     3 |     3 |     4 |     3 |     4 ||    19
         Brothers in Arms  |       |       |       |       |     3 |     2 |     2 |     2 |       ||     9
  Evoke: Wand              |       |       |     4 |    12 |     4 |       |       |     2 |     4 ||    26
    Use: Scroll            |       |     2 |     2 |     7 |     7 |    16 |     8 |    16 |    21 ||    79
         Potion            |       |       |       |       |     2 |     6 |     4 |     3 |    13 ||    28
   Stab: Petrified         |       |       |       |       |     2 |       |       |       |       ||     2
         Distracted        |       |       |       |       |       |     1 |     2 |     1 |       ||     4
 Armour: Animal skin       |    20 |    36 |    61 |       |       |       |       |       |       ||   117
         Steam dragon scal |       |       |     8 |    82 |       |       |       |       |       ||    90
         Plate armour      |       |       |       |    92 |   163 |       |       |       |       ||   255
         Chain mail        |       |       |       |       |   110 |   329 |   408 |    17 |       ||   864
         Gold dragon scale |       |       |       |       |       |       |       |   324 |   483 ||   807
  Dodge: Dodged            |    50 |    75 |    96 |   163 |   144 |   256 |   616 |   397 |   677 ||  2474
